 Dungeon Crawl Stone Soup version 0.25-a0-578-gc91f01c (webtiles) character file.

Game seed: 4082789391271187025, levelgen mode: deterministic

212 Faca the Ruffian (level 5, -1/54 HPs)
             Began as a Troll Fighter on Mar 6, 2020.
             Killed from afar by an orc wizard (7 damage)
             ... with a magic dart
             ... on level 3 of the Dungeon.
             The game lasted 00:07:45 (2414 turns).

Faca the Ruffian (Troll Fighter)                    Turns: 2414, Time: 00:07:46

Health: -1/54      AC:  7    Str: 25    XL:     5   Next: 58%
Magic:  4/4        EV:  8    Int:  4    God:
Gold:   142        SH:  9    Dex:  9    Spells: 4/4 levels left

rFire    . . .     SeeInvis .     - Unarmed
rCold    . . .     Gourm    +   b - +1 kite shield
rNeg     . . .     Faith    .   a - +0 robe
rPois    .         Spirit   .   (helmet restricted)
rElec    .         Reflect  .   n - +0 cloak
rCorr    .         Harm     .   (gloves unavailable)
MR       .....                  (boots unavailable)
Stlth    +.........             (no amulet)
HPRegen  0.58/turn              (no ring)
MPRegen  0.09/turn              (no ring)

@: lightly drained
A: large, unfitting armour, claws 3, fast metabolism 3, gourmand, regeneration
1, shaggy fur 1, tough skin 3
a: no special abilities


You were on level 3 of the Dungeon.
You were very full.

You visited 1 branch of the dungeon, and saw 4 of its levels.

You collected 142 gold pieces.

Inventory:

Missiles
 g - 101 stones (quivered)
 o - 10 boomerangs
Armour
 a - a +0 robe (worn)
 b - a +1 kite shield (worn)
 n - a +0 cloak (worn)
Wands
 h - a wand of flame (24)
Scrolls
 e - 3 scrolls of remove curse
 l - a scroll of enchant weapon {unknown}
Potions
 c - 2 potions of might
 f - 2 potions of lignification
 i - a potion of curing
 k - 2 potions of cancellation
 m - a potion of haste
 p - a potion of mutation {unknown}
Comestibles
 d - 8 rations


   Skills:
 + Level 4.1(3.9) Fighting
 - Level 2.4(2.3) Dodging
 - Level 2.4(2.3) Shields
 + Level 4.3(4.2) Unarmed Combat


You had 4 spell levels left.
You didn't know any spells.
Your spell library was empty.

Dungeon Overview and Level Annotations

Branches:
Dungeon (4/15)
 Temple: D:4-7

Altars:

Annotations:
D:3 Grinder


Innate Abilities, Weirdness & Mutations

You are too large for most types of armour.
You have claws for hands.
Your metabolism is lightning-fast.
You like to eat raw meat.
Your natural rate of healing is unusually fast.
You are covered in fur. (AC +1)
You have extremely tough skin. (AC +3)


Message History

You scratch the orc.
The orc is moderately wounded.
The orc wizard barely misses you. Grinder gestures at you.
Pain shoots through your body!
* * * LOW HITPOINT WARNING * * *
The orc wizard hits you with a +0 dagger.
* * * LOW HITPOINT WARNING * * *
You barely miss the orc.
The orc is moderately wounded.
You block the orc's attack. You block the orc wizard's attack.
Grinder gestures at you. Pain shoots through your body!
* * * LOW HITPOINT WARNING * * *
You claw the orc!
You kill the orc!
You block the orc wizard's attack.
The orc wizard gestures at you while chanting.
The magic dart hits you!
You die...

.# #.# .# #.# ##
#.# #####.#
#..##.# #########
##### #..##.#
#.......# ....#
#.>##.# #.#####.#
..#<#
#..##)###.#####.#
#.#.#
#.....@5.....##.#
#.#.#
#.###o###.##.##.#
....#######.....#
#.##.##.#
.............####
#.......#
...#####.###.#
####.#### #.##
#.# #.# #.# #.#
#.# #.# #.# #.###
#.# #.# #.# #...#
#.# #.# #.#


You could see Grinder and an orc wizard.

Vanquished Creatures
  Crazy Yiuf (D:3)
  An orc wizard (D:3)
  7 adders
  4 worms
  4 dart slugs
  2 leopard geckos
  13 orcs
  4 giant cockroaches
  6 goblins
  2 hobgoblins
  3 ball pythons
  3 bats
  3 frilled lizards
  13 kobolds
  A quokka skeleton (D:2)
  3 rats
70 creatures vanquished.

Notes
Turn   | Place    | Note
-------+----------+-------------------------------------------
     0 | D:1      | Faca the Troll Fighter began the quest for the Orb.
     0 | D:1      | Reached XP level 1. HP: 22/22 MP: 0/0
   275 | D:1      | Reached XP level 2. HP: 26/29 MP: 1/1
  1046 | D:2      | Reached XP level 3. HP: 37/37 MP: 2/2
  1446 | D:2      | Reached XP level 4. HP: 37/45 MP: 3/3
  1665 | D:3      | Reached XP level 5. HP: 52/54 MP: 4/4
  2184 | D:3      | Found a runed translucent door.
  2185 | D:3      | Noticed Crazy Yiuf
  2197 | D:3      | Killed Crazy Yiuf
  2367 | D:4      | Noticed Grinder
  2404 | D:4      | Noticed a two-headed ogre
  2414 | D:3      | Killed from afar by an orc wizard

Levels and vault maps discovered:
D:1:      minmay_arrival_diagonal_passages, layout_basic
D:2:      layout_loops_ring
D:3:      layout_loops_ring, corexii_item_surrounded_by_moat,
          uniq_crazy_yiuf_cottage
D:4:      layout_cave_pools, yredelemnul_forgotten_temple_becter,
          nicolae_ossuary_entry_plus, gammafunk_ghost_gnarly_gnolls, uniq_pikel,
          uniq_grinder

Skill      XL: |  1  2  3  4  5 |
---------------+----------------+-----
Fighting       | 3 4 |  4.1
Unarmed Combat | 3 4 |  4.3
Dodging        | |  2.4
Shields        | |  2.4

Action                   |  1- 3 |  4- 6 || total
-------------------------+-------+-------++-------
Melee: Unarmed           |   114 |    88 ||   202
  Use: Scroll            |     7 |     8 ||    15
       Potion            |       |     1 ||     1
  Eat: Chunk             |    19 |     8 ||    27
Armor: Robe              |    25 |    19 ||    44
Dodge: Dodged            |    27 |    24 ||    51
Block: Kite shield       |    37 |    50 ||    87

Table legend:
 A = Non-vault XP
 B = Vault XP
 C = Vault XP percentage of total XP
 D = Non-vault monster count
 E = Vault monster count
 F = Vault count percentage of total count
                 A         B        C        D         E       F
            +---------+---------+-------+---------+---------+-------
      Total |     264 |      40 |  13.2 |      69 |       1 |   1.4
            +---------+---------+-------+---------+---------+-------
        D:1 |      30 |       0 |   0.0 |      18 |       0 |   0.0
        D:2 |      88 |       0 |   0.0 |      22 |       0 |   0.0
        D:3 |     130 |      40 |  23.5 |      27 |       1 |   3.6
        D:4 |      16 |       0 |   0.0 |       2 |       0 |   0.0
            +---------+---------+-------+---------+---------+-------
